 Dungeon Crawl Stone Soup version 0.22-a0-433-gd2a9cce0b5 (webtiles) character file.

1177 Oravi the Insei (level 8, -1/61 HPs)
             Began as a Merfolk Transmuter on May 29, 2018.
             Was an Initiate of Okawaru.
             Killed by divine providence
             ... invoked by an orc priest
              (11 damage)
             ... on level 7 of the Dungeon.
             The game lasted 00:14:45 (7167 turns).

Oravi the Insei (Merfolk Transmuter)                Turns: 7167, Time: 00:14:46

Health: -1/61      AC:  2    Str: 10    XL:     8   Next: 41%
Magic:  20/20      EV: 25    Int: 15    God:    Okawaru [......]
Gold:   212        SH:  0    Dex: 19    Spells: 5/11 levels left

rFire    . . .     SeeInvis +     - Unarmed
rCold    . . .     Gourm    .   (shield currently unavailable)
rNeg     . . .     Faith    .   (armour currently unavailable)
rPois    x         Spirit   .   (helmet currently unavailable)
rElec    .         Reflect  .   (cloak currently unavailable)
rCorr    .         Harm     .   (gloves currently unavailable)
MR       .....                  (boots currently unavailable)
Stlth    ++........             (no amulet)
HPRegen  0.20/turn              e - ring of see invisible
MPRegen  0.17/turn              r - ring of magical power

@: spider-form
A: tiny, (change form in water), (swift swim), (stealthy swim)
a: End Transformation, Renounce Religion


You were on level 7 of the Dungeon.
You worshipped Okawaru.
Okawaru was noncommittal.
You were hungry.
You were a venomous arachnid creature.
You visited 2 branches of the dungeon, and saw 8 of its levels.

You collected 311 gold pieces.
You spent 99 gold pieces at shops.

Inventory:

Missiles
 a - 94 arrows
Armour
 b - a +0 robe (melded)
 c - a cursed +0 pair of boots (melded)
 j - a +0 buckler
 l - a +2 pair of gloves (melded)
 n - a +0 helmet (melded)
 B - a +0 cloak (melded)
Magical Staves
 m - an uncursed staff of power (melded)
Jewellery
 e - a ring of see invisible (left front leg)
 o - an uncursed amulet of faith {unknown}
 q - an uncursed ring of positive energy
 r - a ring of magical power (right front leg)
 s - an uncursed amulet of faith {unknown}
 y - an uncursed ring of protection from fire {unknown}
 F - an uncursed ring of magical power
 H - an uncursed amulet of the acrobat {unknown}
Wands
 J - a wand of iceblast (6)
Scrolls
 h - 5 scrolls of identify {unknown}
 k - 4 scrolls of teleportation {unknown}
 t - 3 scrolls of fear {unknown}
 u - 3 scrolls of amnesia {unknown}
 w - 3 scrolls of remove curse {unknown}
 x - 3 scrolls of blinking {unknown}
 A - a scroll of random uselessness {unknown}
 C - a scroll of enchant armour {unknown}
 D - a scroll of magic mapping {unknown}
 G - a scroll of enchant weapon {unknown}
Potions
 f - 2 potions of heal wounds
 g - 5 potions of curing
 i - a potion of berserk rage {unknown}
 p - a potion of brilliance {unknown}
 v - 3 potions of lignification {unknown}
 z - a potion of haste {unknown}
 E - 2 potions of agility {unknown}
 I - a potion of might {unknown}
Comestibles
 d - 5 rations


   Skills:
 + Level 4.4 Fighting
 + Level 5.9 Dodging
 * Level 7.1 Unarmed Combat
 - Level 2.0 Spellcasting
 - Level 6.1 Transmutations
 - Level 3.4 Poison Magic


You had 5 spell levels left.
You knew the following spells:

 Your Spells              Type           Power        Failure   Level  Hunger
a - Spider Form           Tmut/Pois      ###.......   24%         3    ###....
b - Sticks to Snakes      Tmut           ###.....     10%         2    ###....
c - Beastly Appendage     Tmut           ###...       8%          1    #......

Your spell library contained the following spells:

 Spells                   Type           Power        Failure   Level  Hunger
 Apportation              Tloc           #.....       43%         1    #......
 Summon Small Mammal      Summ           #...         43%         1    #......
 Animate Skeleton         Necr           N/A          43%         1    #......
 Blade Hands              Tmut           ###.......   67%         5    ######.
 Ice Form                 Ice/Tmut       ##......     75%         4    #####..
 Confusing Touch          Hex            #.....       43%         1    #......


Dungeon Overview and Level Annotations

Branches:
Dungeon (7/15)             Temple (1/1) D:6

Altars:
Ashenzari
Cheibriados
Dithmenos
Elyvilon
Fedhas
Gozag
Hepliaklqana
Kikubaaqudgha
Makhleb
Nemelex Xobeh
Okawaru
Qazlal
Ru
Sif Muna
Trog
Uskayaw
Vehumet
Wu Jian
Xom
Yredelemnul
Zin
The Shining One

Shops:
D:4 *!   D:6 !

Annotations:
D:2 1 runed door


Message History

The orc priest invokes the aid of Beogh against you.
Beogh smites you!
The orc priest calls upon Beogh to heal the orc warrior.
The orc warrior's wounds heal themselves!
The orc warrior completely misses you.
You hit the orc warrior but do no damage.
The orc warrior completely misses you.
You hit the orc warrior but do no damage.
The orc warrior is poisoned.
You hit the orc warrior.
The orc warrior is lightly wounded.
The orc warrior hits you with a mace!!
You are too injured to fight recklessly!
You are too injured to fight recklessly!
The orc priest calls down the wrath of Beogh upon you.
Beogh smites you!
* * * LOW HITPOINT WARNING * * *
The orc priest mumbles some strange prayers to Beogh against you.
Beogh smites you!
You die...

.# ... #.## ...
######.##.# ..
#...<...#.# .......#
#.......#.##.......#
#....s..#.##.# #...#
#....o.......# #...#
#............# #...#
#............# #...#
#.......o....# #...#
########o....###...#
+...oo.'.....).'...#
#
########.....###...#
# ......#..# #...# #


You could see an orc warrior and 2 orc priests.

Vanquished Creatures
  2 ogres (D:4)
  A centaur (D:7)
  2 bullfrogs
  A scorpion (D:7)
  A howler monkey (D:4)
  A crimson imp (D:6)
  A bullfrog zombie (D:6)
  3 orc priests
  3 hounds
  5 orc wizards
  An iguana (D:4)
  2 worker ants
  A killer bee zombie (D:6)
  Robin (D:2)
  9 gnolls
  A howler monkey skeleton (D:5)
  2 adders
  A shadow imp (D:6)
  An adder zombie (D:7)
  2 worms
  3 dart slugs
  4 leopard geckos
  14 orcs
  A ball python (D:1)
  5 bats
  3 giant cockroaches
  4 goblins
  5 hobgoblins
  7 jackals
  5 kobolds
  2 quokkas (D:4)
  9 frilled lizards
  A quokka skeleton (D:7)
  11 rats
115 creatures vanquished.

Notes
Turn   | Place    | Note
-------+----------+-------------------------------------------
     0 | D:1      | Oravi the Merfolk Transmuter began the quest for the Orb.
     0 | D:1      | Reached XP level 1. HP: 15/15 MP: 3/3
    54 | D:1      | Reached XP level 2. HP: 17/21 MP: 5/5
   348 | D:1      | Reached XP level 3. HP: 26/26 MP: 4/6
   444 | D:1      | Learned a level 2 spell: Sticks to Snakes
   448 | D:1      | Learned a level 3 spell: Spider Form
   795 | D:1      | You fall through a shaft!
   938 | D:2      | Noticed Robin
   949 | D:2      | Reached skill level 5 in Transmutations
   949 | D:2      | Reached skill level 1 in Poison Magic
   953 | D:2      | Killed Robin
  1089 | D:2      | Reached XP level 4. HP: 21/32 MP: 5/7
  1373 | D:2      | Found a faded altar of an unknown god.
  1473 | D:2      | Found a runed door.
  3067 | D:4      | Reached XP level 5. HP: 23/37 MP: 8/8
  3349 | D:4      | Found Kemn's Distillery.
  3357 | D:4      | Bought a potion of curing for 39 gold pieces
  3574 | D:4      | Noticed an ogre
  3593 | D:4      | Killed an ogre
  3593 | D:4      | Reached XP level 6. HP: 23/44 MP: 9/9
  3887 | D:4      | Reached skill level 4 in Unarmed Combat
  4144 | D:4      | Found Ximiqah's General Store.
  4219 | D:4      | Reached XP level 7. HP: 41/51 MP: 10/10
  4289 | D:4      | Reached skill level 5 in Unarmed Combat
  4644 | D:5      | Entered Level 5 of the Dungeon
  4959 | D:5      | Found a snail-covered altar of Cheibriados.
  5523 | D:6      | Reached skill level 6 in Unarmed Combat
  5529 | D:6      | Reached skill level 5 in Dodging
  5819 | D:6      | Reached XP level 8. HP: 54/60 MP: 11/11
  6165 | D:6      | Found Ilimew's Distillery.
  6168 | D:6      | Bought a potion of heal wounds for 60 gold pieces
  6268 | D:6      | Found a staircase to the Ecumenical Temple.
  6277 | Temple   | Entered the Ecumenical Temple
  6371 | Temple   | Became a worshipper of Warmaster Okawaru
  7036 | D:7      | Reached skill level 7 in Unarmed Combat
  7167 | D:7      | Killed from afar by an orc priest

Vault maps used:
D:1:      grunt_arrival_crossed_arrows, minmay_lizard_king
D:2:      chequers_ecumenical_altar_simple, uniq_crazy_yiuf_cottage, uniq_robin
D:3:      first_ration
D:4:      minmay_diamond_boxcup, serial_shops, shop, shop
D:5:      lemuel_coloured_pillars_altar
D:6:      temple_hall, serial_shops, shop
Temple:   kilobyte_greek_temple

Skill      XL: |  1  2  3  4  5  6  7  8 |
---------------+-------------------------+-----
Transmutations | 3 4 5 6 |  6.1
Poison Magic   | 1 2 3 |  3.4
Dodging        | 3 5 |  5.9
Fighting       | 2 3 4 |  4.4
Unarmed Combat | 4 6 7 |  7.1
Spellcasting   | |  2.0

Action                   |  1- 3 |  4- 6 |  7- 9 || total
-------------------------+-------+-------+-------++-------
Melee: Unarmed           |   121 |    91 |   169 ||   381
       Headbutt          |    14 |       |       ||    14
       Punch             |     1 |       |       ||     1
       Staff             |       |     1 |     1 ||     2
 Cast: Beastly Appendage |    15 |     1 |       ||    16
       Spider Form       |     3 |    18 |    24 ||    45
 Stab: Sleeping          |       |     1 |       ||     1
  Eat: Chunk             |     2 |     7 |    10 ||    19
       Ration            |       |     1 |     1 ||     2
Armor: Robe              |    18 |     3 |     2 ||    23
       Skin              |       |     3 |     4 ||     7
Dodge: Dodged            |    72 |    76 |   135 ||   283

Table legend:
 A = Spawn XP
 B = Non-spawn XP
 C = Spawn XP percentage of total XP
 D = Spawn monster count
 E = Non-spawn monster count
 F = Spawn count percentage of total count
 G = Total turns spent on level
                    A         B        C        D         E        F      G
               +---------+---------+-------+---------+---------+-------+---------
         Total |       0 |    1682 |   0.0 |       0 |     115 |   0.0 |  7167
               +---------+---------+-------+---------+---------+-------+---------
           D:1 |       0 |      49 |   0.0 |       0 |      29 |   0.0 |   881
           D:2 |       0 |      34 |   0.0 |       0 |      10 |   0.0 |  1350
           D:3 |       0 |      19 |   0.0 |       0 |      13 |   0.0 |   790
           D:4 |       0 |     680 |   0.0 |       0 |      24 |   0.0 |  1623
           D:5 |       0 |     105 |   0.0 |       0 |       8 |   0.0 |   661
           D:6 |       0 |     465 |   0.0 |       0 |      21 |   0.0 |  1146
           D:7 |       0 |     330 |   0.0 |       0 |      10 |   0.0 |   491
               +---------+---------+-------+---------+---------+-------+---------
